Map: Cerulean Fall LE

Players

KAA - Winner!

  • Race: Zerg Zerg
  • Spawn Location: 7:00

Swatopluke

  • Race: Protoss Protoss
  • League: Platinum
  • Spawn Location: 1:00

VOD

Have the link to the VOD?

Description

Time

  • Played on: Nov. 14, 2018, 8:35 a.m.
  • Length: 17:07
Show
View Real Time Build Order
Export as new Build Order

KAA Zerg - Winner!

Build Orders: Hatch First 

Get SALT Encoding   

  12  0:00  Drone  
  13  0:13  Overlord  
  13  0:17  Drone  
  14  0:31  Drone x2  
  14  0:35  Drone  
  17  0:52  Hatchery  
  17  0:56  Drone  
  17  0:58  Drone  
  18  1:11  Extractor  
  17  1:14  Spawning Pool  
  17  1:17  Drone  
  17  1:19  Drone  
  18  1:28  Drone  
  19  1:40  Overlord  
  19  1:50  Drone  
  20  2:01  Queen  
  20  2:03  Zergling x2  
  20  2:05  Queen  
  25  2:11  Zergling x2  
  26  2:19  Metabolic Boost  
  26  2:21  Drone x2  
  28  2:38  Hatchery  
  28  2:41  Drone x3  
  30  2:46  Queen  
  32  2:51  Overlord  
  32  2:53  Drone  
  32  2:55  Drone  
  34  3:05  Zergling x4  
  36  3:18  Zergling x10  
  41  3:29  Overlord  
  41  3:31  Overlord  
  40  3:50  Baneling Nest  
  40  3:52  Drone x3  
  40  3:53  Drone x3  
  40  3:54  Extractor  
  40  3:55  Evolution Chamber  
  42  4:03  Drone x4  
  42  4:04  Drone x3  
  42  4:08  Queen  
  51  4:16  Queen  
  49  4:28  Zergling x12  
  49  4:29  Zergling x2  
  55  4:38  Zerg Melee Weapons Level 1  
  55  4:42  Baneling x4  
  52  5:05  Queen  
  48  5:13  Lair  
  48  5:20  Zergling x2  
  48  5:21  Zergling x16  
  57  5:29  Spore Crawler  
  57  5:32  Spore Crawler  
  55  5:36  Drone x3  
  58  5:54  Baneling x3  
  58  5:55  Baneling x3  
  58  5:59  Hatchery  
  58  6:02  Roach Warren  
  58  6:03  Zergling x10  
  58  6:04  Zergling x6  
  64  6:19  Overlord x2  
  64  6:20  Overlord  
  64  6:21  Zergling x2  
  56  6:43  Extractor  
  56  6:45  Drone x2  
  56  6:46  Roach x2  
  56  6:47  Roach x5  
  71  7:15  Roach x7  
  85  7:16  Roach  
  87  7:26  Zerg Melee Weapons Level 2  
  87  7:30  Baneling x3  
  87  7:31  Baneling x6  
  87  7:39  Extractor  
  86  7:46  Drone  
  86  7:47  Drone x7  
  86  7:48  Drone x2  
  86  7:49  Overlord x3  
  86  7:50  Overlord x2  
  96  7:55  Hydralisk Den  
  74  8:11  Roach x3  
  74  8:12  Roach x3  
  78  8:13  Zergling x2  
  78  8:14  Zergling x2  
  68  8:26  Extractor x2  
  66  8:33  Baneling x2  
  66  8:34  Baneling x2  
  64  8:35  Roach  
  64  8:36  Roach x5  
  76  8:42  Drone x2  
  76  8:43  Drone  
  76  8:45  Drone  
  80  9:02  Roach x2, Zergling x2  
  83  9:03  Roach, Zergling x4  
  81  9:17  Drone x3  
  81  9:18  Drone x5  
  81  9:19  Drone  
  90  9:39  Hydralisk x3  
  90  9:40  Hydralisk x2  
  90  9:44  Muscular Augments  
  100  9:53  Drone x5  
  100  9:56  Drone x2  
  107  10:12  Glial Reconstitution  
  107  10:20  Zergling x2  
  107  10:21  Zergling x8  
  111  10:23  Hydralisk  
  111  10:24  Hydralisk x5  
  111  10:25  Hydralisk  
  125  10:34  Baneling x2  
  125  10:35  Baneling x2  
  125  10:41  Drone x3  
  128  10:46  Baneling x2  
  128  10:47  Baneling x4  
  128  10:48  Baneling x4  
  128  10:56  Grooved Spines  
  100  11:16  Hydralisk x2  
  100  11:17  Zergling x4, Hydralisk x7  
  100  11:18  Zergling x12, Hydralisk  
  111  11:30  Extractor  
  111  11:31  Extractor  
  109  11:33  Infestation Pit  
  109  11:34  Zerg Ground Armor Level 1  
  109  11:35  Spire  
  107  11:46  Hydralisk x5  
  107  11:47  Roach x3  
  121  11:50  Drone x3  
  121  11:52  Drone  
  127  11:58  Baneling x2  
  127  11:59  Baneling x3  
  127  12:00  Baneling x2  
  127  12:04  Overlord x3  
  127  12:05  Overlord  
  127  12:06  Drone x3  
  130  12:11  Hive  
  130  12:16  Drone x2  
  130  12:17  Drone x3  
  132  12:35  Overlord  
  132  12:36  Overlord  
  131  12:37  Zergling x4  
  131  12:38  Zergling x4  
  131  12:39  Zergling x2  
  131  12:40  Zergling x6  
  131  12:42  Burrow  
  139  12:47  Drone x3  
  139  12:48  Drone x5  
  139  12:49  Drone  
  148  12:51  Hydralisk  
  148  12:55  Baneling  
  148  12:56  Baneling x5  
  149  13:07  Mutalisk, Hydralisk x3  
  149  13:08  Roach x3  
  163  13:17  Baneling x5  
  148  13:38  Hydralisk x7  
  148  13:39  Roach x7, Hydralisk x2  
  148  13:40  Roach  
  170  13:52  Corruptor x4  
  170  13:55  Greater Spire  
  178  14:10  Hatchery  
  178  14:11  Pneumatized Carapace  
  177  14:19  Hatchery  
  176  14:41  Spine Crawler  
  176  14:42  Corruptor x5, Spine Crawler x2  
  176  14:44  Overlord, Spine Crawler  
  176  14:45  Overlord x4  
  182  14:56  Baneling x4  
  182  15:02  Baneling x3  
  182  15:03  Baneling  
  182  15:10  Overseer  
  178  15:49  Brood Lord x4  
  188  15:50  Brood Lord x5  
  196  16:03  Zergling x8  
  200  16:13  Overseer x2  
  181  16:38  Baneling x6  
Show
View Real Time Build Order
Export as new Build Order

Swatopluke Protoss 

Build Orders: Mass Adepts, Zealot Archon 

Get SALT Encoding   

  12  0:02  Probe  
  13  0:14  Probe  
  14  0:19  Pylon  
  14  0:26  Probe  
  15  0:38  Probe  
  15  0:40  Gateway  
  16  0:46  Probe  
  16  0:54  Probe  
  16  0:56  Assimilator  
  17  1:03  Gateway  
  18  1:06  Probe  
  19  1:17  Assimilator  
  19  1:18  Probe  
  20  1:27  Cybernetics Core  
  20  1:30  Probe  
  21  1:36  Pylon  
  21  1:42  Probe  
  22  2:01  Warp Gate  
  22  2:03  Adept x2  
  22  2:07  Twilight Council  
  22  2:08  Probe  
  27  2:26  Gateway  
  27  2:27  Pylon  
  27  2:32  Adept  
  27  2:36  Adept, Resonating Glaives  
  31  2:45  Probe  
  32  2:57  Probe  
  33  2:59  Adept  
  33  3:03  Adept  
  37  3:22  Adept  
  39  3:27  Gateway  
  39  3:29  Pylon  
  35  4:06  Nexus  
  35  4:10  Adept x2  
  35  4:13  Adept  
  41  4:34  Adept x3  
  47  4:40  Pylon  
  47  5:06  Adept x3  
  37  5:16  Gateway  
  37  5:19  Probe, Gateway  
  37  5:27  Probe  
  38  5:29  Probe  
  40  5:36  Adept  
  42  5:44  Zealot  
  42  5:47  Zealot  
  46  5:51  Charge  
  46  5:52  Probe x2  
  48  5:57  Zealot  
  50  6:18  Adept x2, Zealot  
  54  6:20  Zealot  
  54  6:23  Probe  
  54  6:24  Probe  
  46  6:38  Zealot x3  
  46  6:41  Zealot  
  46  6:44  Probe  
  46  6:46  Probe  
  50  6:52  Templar Archives  
  50  6:57  Probe  
  50  6:58  Assimilator  
  51  7:01  Shield Battery  
  51  7:17  Adept x4  
  51  7:20  Zealot  
  61  7:23  Zealot  
  63  7:37  High Templar  
  63  7:38  High Templar x2  
  63  7:43  Probe  
  70  7:45  Archon  
  70  7:47  Pylon, Psionic Storm  
  70  7:51  Pylon  
  70  7:52  Pylon  
  70  7:57  Probe  
  69  8:04  Zealot x3  
  59  8:13  Zealot  
  59  8:14  Zealot x2  
  59  8:32  Probe x2  
  61  8:39  Zealot  
  63  8:44  Zealot  
  63  8:47  High Templar, Nexus  
  63  8:48  High Templar x2  
  69  8:54  Archon  
  53  9:11  High Templar x2  
  53  9:12  Probe x2, Zealot  
  59  9:20  Probe x2  
  59  9:28  Archon  
  59  9:29  Probe, High Templar  
  59  9:30  Zealot x2  
  59  9:31  Assimilator  
  67  9:33  Zealot  
  70  9:43  Zealot x2  
  74  9:50  Zealot  
  74  9:51  Zealot  
  78  9:53  Zealot  
  80  10:01  Adept  
  80  10:03  Adept  
  80  10:05  High Templar  
  86  10:11  Zealot x2  
  90  10:14  Probe x3  
  90  10:19  Zealot  
  95  10:26  Probe x2  
  95  10:31  High Templar x2  
  95  10:32  Zealot x2  
  103  10:36  Archon  
  103  10:40  Probe x2  
  105  10:43  Assimilator  
  105  10:47  Probe  
  105  10:48  Zealot  
  108  10:52  Probe  
  87  11:15  Archon  
  61  11:22  High Templar x3  
  61  11:23  Zealot x2  
  61  11:24  Zealot  
  69  11:28  Pylon  
  69  11:30  Pylon  
  69  11:32  Probe x2  
  71  11:37  Probe  
  71  11:38  Archon  
  72  11:40  Gateway  
  72  11:41  Gateway  
  72  11:43  Gateway  
  72  11:46  High Templar x2  
  76  11:47  Zealot  
  76  11:51  Forge  
  76  11:53  Probe x2, Forge  
  76  11:54  Probe  
  81  11:57  Assimilator  
  81  12:02  Archon  
  81  12:04  Zealot, High Templar  
  81  12:05  High Templar  
  81  12:08  Zealot  
  89  12:11  Probe  
  89  12:12  Probe x2  
  92  12:20  Zealot x2  
  96  12:22  Archon  
  96  12:23  Probe  
  96  12:24  Protoss Ground Weapons Level 1  
  96  12:26  Zealot, Protoss Ground Armor Level 1  
  96  12:28  Probe x2  
  79  12:31  Probe  
  79  12:36  Probe x2  
  81  12:39  Probe, Zealot  
  81  12:40  Zealot x2  
  81  12:41  Zealot, High Templar  
  94  12:46  Probe  
  94  12:47  High Templar  
  94  12:48  Zealot x2  
  94  12:49  Zealot  
  103  12:58  Probe x2  
  105  12:59  Robotics Facility  
  105  13:00  Zealot  
  96  13:23  Archon  
  96  13:26  Zealot  
  96  13:27  Zealot x4  
  98  13:30  Probe  
  98  13:31  Probe x2  
  88  13:40  Zealot x2  
  66  13:41  Zealot  
  66  13:43  Probe x2  
  56  13:50  Probe  
  56  13:54  Observer  
  56  13:55  Probe x2  
  59  13:56  High Templar  
  59  14:00  Probe  
  59  14:02  Zealot x2  
  66  14:05  Probe x2  
  66  14:08  Probe  
  68  14:13  Probe  
  69  14:18  Zealot  
  69  14:19  Zealot  
  69  14:22  Zealot  
  76  14:25  High Templar  
  76  14:27  High Templar  
  76  14:28  High Templar  
  76  14:29  High Templar  
  84  14:31  High Templar  
  84  14:33  High Templar  
  84  14:35  Archon  
  84  14:36  Archon  
  88  14:39  Zealot  
  88  14:41  Protoss Ground Weapons Level 2  
  90  14:47  Zealot  
  90  14:48  Zealot  
  90  14:51  Observer  
  95  15:02  Probe x2  
  95  15:03  Zealot x3  
  95  15:04  Zealot  
  105  15:19  High Templar  
  105  15:20  Zealot, High Templar  
  105  15:21  Zealot x2  
  115  15:24  Observer  
  92  16:02  Zealot  
  92  16:03  Zealot x6  
  92  16:04  Zealot x2  
  90  16:44  Zealot x6  
  94  16:49  Archon  
  22  17:01  High Templar x3  
Tags
 
Add a new tag
Caveats
  • Supply blocks, unpowered buildings, or Contaminate may cause inaccurate times.
  • Supply counts are checked every 10 seconds.